General information
- name: BNet
- type: Ladder team game (AT/RT)
- host: Battle.net
- saver: PapTrimp
map: MarketSquare
- players: 8
- length: 43:57
- speed: Fast
- version: 1.26 W3XP
- replay type: Public
» download(317 KB)
Players
team 1 (winner)

»
pacifico (
red | 77 APM | 2346 actions | 30:39)
5 Death Knight
3 Death Coil
2 Unholy Aura
4 Lich
2 Frost Nova
2 Frost Armor
» actions
| Assign group hotkey | 110 | |
| Basic commands | 61 | |
| Build / train | 61 | |
| ESC pressed | 1 | |
| Enter build submenu | 52 | |
| Enter hero's abilities submenu | 9 | |
| Give item / drop item | 3 | |
| Right click | 1286 | |
| Select / deselect | 396 | |
| Select group hotkey | 243 | |
| Use ability | 124 | |
2346 total
» units
| Acolyte | 10 | |
| Ghoul | 6 | |
| Crypt Fiend | 8 | |
| Frost Wyrm | 1 | |
| Obsidian Statue | 1 | |
26 total
» upgrades
| Creature Attack | 1 | |
| Destroyer Form | 1 | |
| Freezing Breath | 1 | |
3 total
» buildings
| Graveyard | 1 | |
| Crypt | 2 | |
| Altar of Darkness | 3 | |
| Ziggurat | 15 | |
| Tomb of Relics | 2 | |
| Nerubian Tower | 3 | |
| Halls of the Dead | 2 | |
| Necropolis | 6 | |
| Black Citadel | 1 | |
| Sacrificial Pit | 1 | |
| Boneyard | 3 | |
| Slaughterhouse | 4 | |
| Spirit Tower | 4 | |
47 total
» build order
00:11 Graveyard
00:14 Crypt
00:30 Altar of Darkness
00:49 Ziggurat
01:22 Tomb of Relics
01:24 Tomb of Relics
01:50 Ziggurat
02:00 Nerubian Tower
03:35 Halls of the Dead
04:42 Ziggurat
05:41 Ziggurat
06:57 Necropolis
06:59 Ziggurat
07:31 Black Citadel
08:28 Sacrificial Pit
08:35 Nerubian Tower
08:36 Ziggurat
09:56 Boneyard
09:57 Slaughterhouse
10:13 Nerubian Tower
10:30 Ziggurat
10:44 Crypt
12:11 Boneyard
12:12 Boneyard
13:54 Slaughterhouse
15:19 Halls of the Dead
15:40 Necropolis
15:41 Altar of Darkness
15:42 Ziggurat
15:44 Altar of Darkness
15:45 Ziggurat
15:46 Ziggurat
15:48 Spirit Tower
16:09 Ziggurat
16:10 Ziggurat
16:43 Spirit Tower
17:14 Necropolis
17:16 Necropolis
17:24 Spirit Tower
18:29 Ziggurat
18:58 Necropolis
18:59 Necropolis
19:15 Ziggurat
20:08 Spirit Tower
20:25 Slaughterhouse
20:26 Slaughterhouse
23:20 Ziggurat
» items
| Rod of Necromancy | 2 | |
| Sacrificial Skull | 1 | |
| Orb of Corruption | 1 | |
| Scroll of Healing | 1 | |
| Scroll of Town Portal | 1 | |
| Boots of Speed | 1 | |
| Circlet of Nobility | 1 | |
| Periapt of Vitality | 1 | |
| Staff of Teleportation | 1 | |
10 total

»
pLaInRuStY (
yellow | 53 APM | 2306 actions | 43:38)
5 Blademaster
2 Wind Walk
3 Critical Strike
5 Shadow Hunter
3 Healing Wave
2 Hex
2 Tauren Chieftain
1 Endurance Aura
1 Shockwave
» actions
| Basic commands | 15 | |
| Build / train | 72 | |
| Enter build submenu | 19 | |
| Enter hero's abilities submenu | 12 | |
| Give item / drop item | 1 | |
| Remove unit from queue | 3 | |
| Right click | 1677 | |
| Select / deselect | 382 | |
| Use ability | 125 | |
2306 total
» units
| Peon | 12 | |
| Wind Rider | 10 | |
| Shaman | 9 | |
31 total
» upgrades
| Shaman Training | 2 | |
| Spiked Barricades | 1 | |
| Reinforced Defenses | 1 | |
| Envenomed Spears | 1 | |
| Ranged Weapons | 3 | |
| Armor | 2 | |
10 total
» buildings
| Altar of Storms | 1 | |
| Orc Burrow | 8 | |
| War Mill | 1 | |
| Voodoo Lounge | 1 | |
| Stronghold | 2 | |
| Watch Tower | 3 | |
| Fortress | 5 | |
| Spirit Lodge | 1 | |
| Beastiary | 2 | |
24 total
» build order
00:25 Altar of Storms
00:28 Orc Burrow
01:25 War Mill
01:31 Orc Burrow
01:37 Voodoo Lounge
02:43 Stronghold
02:44 Stronghold
02:59 Watch Tower
03:44 Watch Tower
03:56 Watch Tower
05:05 Fortress
05:05 Fortress
05:05 Fortress
05:10 Spirit Lodge
06:49 Beastiary
06:50 Beastiary
08:09 Orc Burrow
09:13 Orc Burrow
12:44 Orc Burrow
14:10 Orc Burrow
16:01 Orc Burrow
17:22 Orc Burrow
» items
| Healing Salve | 1 | |
| Lesser Clarity Potion | 2 | |
| Scroll of Town Portal | 1 | |
4 total
Montresor (
green | 55 APM | 2423 actions | 43:51)
9 Blademaster
3 Wind Walk
3 Critical Strike
1 Bladestorm
2 Mirror Image
» actions
| Assign group hotkey | 17 | |
| Basic commands | 95 | |
| Build / train | 53 | |
| Enter build submenu | 50 | |
| Enter hero's abilities submenu | 9 | |
| Give item / drop item | 2 | |
| Remove unit from queue | 1 | |
| Right click | 1518 | |
| Select / deselect | 281 | |
| Select group hotkey | 230 | |
| Use ability | 167 | |
2423 total
» units
| Peon | 19 | |
| Grunt | 4 | |
| Troll Witch Doctor | 2 | |
| Wind Rider | 5 | |
30 total
» upgrades
| Reinforced Defenses | 1 | |
| Ranged Weapons | 3 | |
| Armor | 3 | |
7 total
» buildings
| Orc Burrow | 6 | |
| Altar of Storms | 1 | |
| Barracks | 2 | |
| Voodoo Lounge | 1 | |
| Stronghold | 1 | |
| War Mill | 1 | |
| Great Hall | 2 | |
| Watch Tower | 32 | |
| Fortress | 1 | |
| Beastiary | 4 | |
| Spirit Lodge | 1 | |
52 total
» build order
00:16 Orc Burrow
01:12 Orc Burrow
01:17 Altar of Storms
01:20 Barracks
01:22 Barracks
02:26 Voodoo Lounge
03:01 Stronghold
03:35 War Mill
05:07 Great Hall
05:32 Orc Burrow
07:03 Watch Tower
07:04 Watch Tower
07:04 Watch Tower
07:04 Watch Tower
08:37 Fortress
09:40 Watch Tower
09:42 Watch Tower
09:43 Watch Tower
09:44 Watch Tower
10:38 Watch Tower
10:38 Watch Tower
10:39 Watch Tower
10:40 Watch Tower
12:25 Orc Burrow
12:26 Orc Burrow
12:27 Orc Burrow
15:18 Watch Tower
15:19 Watch Tower
15:19 Watch Tower
15:20 Watch Tower
15:21 Watch Tower
15:22 Watch Tower
18:05 Watch Tower
18:06 Watch Tower
18:06 Watch Tower
18:06 Watch Tower
18:08 Watch Tower
19:30 Watch Tower
19:31 Watch Tower
19:32 Watch Tower
19:32 Watch Tower
19:33 Watch Tower
19:52 Beastiary
19:54 Beastiary
19:57 Beastiary
19:57 Beastiary
20:42 Spirit Lodge
21:03 Great Hall
21:07 Watch Tower
21:07 Watch Tower
21:09 Watch Tower
21:09 Watch Tower
» items
| Healing Salve | 1 | |
| Potion of Healing | 1 | |
| Orb of Lightning | 1 | |
3 total
PapTrimp (
pink | 85 APM | 3728 actions | 43:57)
8 Blood Mage
3 Flame Strike
3 Siphon Mana
1 Summon Phoenix
1 Banish
1 Beastmaster
1 Summon Quilbeast
1 Pit Lord
1 Rain of Fire
» actions
| Assign group hotkey | 74 | |
| Basic commands | 261 | |
| Build / train | 183 | |
| ESC pressed | 5 | |
| Enter build submenu | 47 | |
| Enter hero's abilities submenu | 11 | |
| Give item / drop item | 8 | |
| Right click | 1127 | |
| Select / deselect | 487 | |
| Select group hotkey | 1184 | |
| Use ability | 340 | |
3728 total
» units
| Peasant | 34 | |
| Footman | 8 | |
| Sorceress | 3 | |
| Gryphon Rider | 5 | |
50 total
» upgrades
| Masonry | 3 | |
| Swords | 3 | |
| Armor | 3 | |
| Sorceress Training | 2 | |
| Magic Sentry | 1 | |
| Lumber Harvesting | 2 | |
| Backpack | 1 | |
| Priest Training | 2 | |
| Storm Hammers | 1 | |
| Cloud | 1 | |
| Gunpowder | 3 | |
| Plating | 3 | |
25 total
» buildings
| Altar of Kings | 1 | |
| Barracks | 1 | |
| Farm | 8 | |
| Arcane Vault | 1 | |
| Town Hall | 4 | |
| Keep | 3 | |
| Lumber Mill | 1 | |
| Scout Tower | 44 | |
| Blacksmith | 1 | |
| Guard Tower | 38 | |
| Arcane Sanctum | 1 | |
| Castle | 2 | |
| Arcane Tower | 5 | |
| Gryphon Aviary | 3 | |
113 total
» build order
00:58 Altar of Kings
01:00 Barracks
01:02 Farm
01:08 Farm
01:23 Arcane Vault
02:13 Farm
02:32 Farm
03:26 Farm
04:20 Town Hall
04:55 Keep
04:55 Keep
05:12 Lumber Mill
05:47 Scout Tower
05:48 Scout Tower
05:49 Scout Tower
06:04 Blacksmith
06:20 Guard Tower
06:20 Guard Tower
07:47 Arcane Sanctum
08:15 Scout Tower
08:18 Scout Tower
08:49 Guard Tower
10:56 Scout Tower
10:57 Scout Tower
10:58 Scout Tower
10:59 Scout Tower
11:17 Scout Tower
11:24 Town Hall
11:25 Guard Tower
11:32 Guard Tower
11:32 Guard Tower
11:33 Guard Tower
12:10 Scout Tower
12:11 Scout Tower
13:23 Town Hall
14:02 Castle
15:29 Scout Tower
15:30 Scout Tower
15:31 Scout Tower
15:32 Scout Tower
15:33 Scout Tower
15:34 Scout Tower
15:35 Scout Tower
15:36 Scout Tower
15:37 Scout Tower
15:37 Scout Tower
15:38 Scout Tower
16:11 Scout Tower
16:23 Guard Tower
16:42 Arcane Tower
16:43 Arcane Tower
16:43 Arcane Tower
16:46 Guard Tower
16:51 Guard Tower
16:51 Guard Tower
16:52 Guard Tower
18:30 Scout Tower
18:32 Scout Tower
18:33 Scout Tower
18:38 Scout Tower
18:40 Scout Tower
18:40 Scout Tower
18:41 Scout Tower
19:13 Guard Tower
19:41 Guard Tower
19:45 Scout Tower
19:47 Farm
19:49 Farm
19:50 Farm
20:46 Gryphon Aviary
20:47 Gryphon Aviary
20:49 Gryphon Aviary
21:10 Scout Tower
21:11 Scout Tower
21:12 Scout Tower
21:13 Scout Tower
21:14 Scout Tower
21:14 Scout Tower
21:15 Scout Tower
21:16 Scout Tower
21:17 Scout Tower
21:18 Scout Tower
21:19 Scout Tower
21:20 Scout Tower
21:56 Guard Tower
21:56 Guard Tower
21:57 Guard Tower
21:58 Guard Tower
21:58 Guard Tower
22:09 Guard Tower
22:09 Guard Tower
22:44 Guard Tower
22:45 Guard Tower
23:09 Guard Tower
23:09 Guard Tower
23:09 Guard Tower
29:37 Town Hall
» items
| Scroll of Regeneration | 8 | |
| Boots of Speed | 3 | |
| Potion of Invisibility | 2 | |
| Staff of Teleportation | 3 | |
| Lesser Clarity Potion | 7 | |
| Potion of Mana | 5 | |
| Scroll of Town Portal | 2 | |
| Potion of Healing | 2 | |
| Periapt of Vitality | 2 | |
34 total
team 2 (loser)
0bama2016 (
purple | 62 APM | 1465 actions | 23:40)
5 Death Knight
2 Death Coil
3 Unholy Aura
» actions
| Assign group hotkey | 19 | |
| Basic commands | 57 | |
| Build / train | 47 | |
| Enter build submenu | 18 | |
| Enter hero's abilities submenu | 5 | |
| Right click | 733 | |
| Select / deselect | 226 | |
| Select group hotkey | 314 | |
| Use ability | 46 | |
1465 total
» units
| Acolyte | 17 | |
| Ghoul | 3 | |
| Crypt Fiend | 10 | |
30 total
» upgrades
| Creature Attack | 2 | |
| Web | 1 | |
| Burrow | 1 | |
| Creature Carapace | 1 | |
5 total
» buildings
| Crypt | 2 | |
| Altar of Darkness | 1 | |
| Ziggurat | 7 | |
| Graveyard | 2 | |
| Tomb of Relics | 1 | |
| Halls of the Dead | 1 | |
| Necropolis | 1 | |
| Black Citadel | 1 | |
| Sacrificial Pit | 1 | |
| Nerubian Tower | 1 | |
| Spirit Tower | 1 | |
19 total
» build order
00:39 Crypt
00:40 Altar of Darkness
00:42 Ziggurat
01:01 Graveyard
01:10 Crypt
01:12 Graveyard
01:36 Ziggurat
01:44 Tomb of Relics
03:13 Ziggurat
04:25 Halls of the Dead
05:46 Necropolis
07:09 Black Citadel
08:21 Sacrificial Pit
08:39 Ziggurat
08:40 Ziggurat
08:44 Ziggurat
08:45 Ziggurat
09:18 Nerubian Tower
09:20 Spirit Tower
» items
| Rod of Necromancy | 1 | |
| Boots of Speed | 1 | |
2 total

»
James818763 (
orange | 70 APM | 2578 actions | 36:59)
4 Far Seer
2 Feral Spirit
2 Chain Lighting
4 Shadow Hunter
2 Healing Wave
2 Hex
3 Tauren Chieftain
2 Endurance Aura
1 War Stomp
» actions
| Assign group hotkey | 33 | |
| Basic commands | 539 | |
| Build / train | 107 | |
| ESC pressed | 3 | |
| Enter build submenu | 36 | |
| Enter hero's abilities submenu | 11 | |
| Right click | 596 | |
| Select / deselect | 506 | |
| Select group hotkey | 596 | |
| Use ability | 151 | |
2578 total
» units
| Peon | 36 | |
| Troll Headhunter/Berserker | 12 | |
| Troll Witch Doctor | 5 | |
| Shaman | 2 | |
| Demolisher | 3 | |
58 total
» upgrades
| Ranged Weapons | 3 | |
| Armor | 2 | |
| Troll Regeneration | 1 | |
| Shaman Training | 2 | |
| Berserker Upgrade | 1 | |
| Witch Doctor Training | 2 | |
| Reinforced Defenses | 1 | |
12 total
» buildings
| Altar of Storms | 1 | |
| Orc Burrow | 6 | |
| War Mill | 1 | |
| Stronghold | 3 | |
| Barracks | 1 | |
| Voodoo Lounge | 2 | |
| Spirit Lodge | 2 | |
| Fortress | 1 | |
| Watch Tower | 11 | |
| Great Hall | 5 | |
33 total
» build order
00:08 Altar of Storms
00:22 Orc Burrow
01:07 War Mill
01:54 Stronghold
01:55 Stronghold
01:55 Stronghold
02:13 Barracks
02:27 Orc Burrow
02:51 Voodoo Lounge
03:17 Orc Burrow
05:26 Spirit Lodge
06:22 Fortress
07:01 Spirit Lodge
08:14 Watch Tower
09:28 Great Hall
10:22 Watch Tower
11:56 Watch Tower
13:41 Voodoo Lounge
14:22 Orc Burrow
14:24 Orc Burrow
14:26 Orc Burrow
18:55 Watch Tower
18:57 Watch Tower
20:12 Great Hall
20:27 Watch Tower
21:32 Watch Tower
23:17 Watch Tower
24:20 Watch Tower
26:43 Watch Tower
27:58 Watch Tower
30:11 Great Hall
33:05 Great Hall
34:56 Great Hall
» items
| Scroll of Speed | 5 | |
| Healing Salve | 1 | |
| Potion of Lesser Invulnerability | 1 | |
| Potion of Healing | 7 | |
| Scroll of Town Portal | 2 | |
| Orb of Lightning | 2 | |
| Lesser Clarity Potion | 1 | |
19 total
RambuRu (
teal | 75 APM | 2746 actions | 36:34)
4 Tauren Chieftain
2 Shockwave
2 Endurance Aura
» actions
| Assign group hotkey | 36 | |
| Basic commands | 19 | |
| Build / train | 70 | |
| ESC pressed | 1 | |
| Enter build submenu | 22 | |
| Enter hero's abilities submenu | 4 | |
| Give item / drop item | 1 | |
| Right click | 1343 | |
| Select / deselect | 458 | |
| Select group hotkey | 511 | |
| Use ability | 281 | |
2746 total
» units
| Peon | 12 | |
| Shaman | 11 | |
| Troll Witch Doctor | 4 | |
| Wind Rider | 6 | |
| Spirit Walker | 2 | |
| Troll Batrider | 3 | |
38 total
» upgrades
| Spiked Barricades | 2 | |
| Shaman Training | 2 | |
| Witch Doctor Training | 2 | |
| Spirit Walker Training | 2 | |
| Liquid Fire | 1 | |
| Ranged Weapons | 1 | |
| Melee Weapons | 1 | |
11 total
» buildings
| Altar of Storms | 1 | |
| Orc Burrow | 6 | |
| Voodoo Lounge | 1 | |
| Stronghold | 1 | |
| War Mill | 1 | |
| Watch Tower | 6 | |
| Spirit Lodge | 4 | |
| Fortress | 1 | |
| Beastiary | 1 | |
22 total
» build order
00:08 Altar of Storms
00:11 Orc Burrow
01:38 Voodoo Lounge
01:46 Orc Burrow
02:52 Stronghold
03:28 War Mill
04:15 Orc Burrow
04:51 Watch Tower
04:56 Watch Tower
05:33 Spirit Lodge
05:35 Spirit Lodge
08:08 Fortress
08:26 Spirit Lodge
08:32 Watch Tower
08:32 Watch Tower
08:33 Watch Tower
08:34 Watch Tower
11:04 Beastiary
12:01 Spirit Lodge
16:32 Orc Burrow
16:33 Orc Burrow
16:34 Orc Burrow
» items
| Healing Salve | 2 | |
| Lesser Clarity Potion | 4 | |
| Dust of Appearance | 1 | |
| Orb of Lightning | 1 | |
| Scroll of Town Portal | 2 | |
| Scroll of Speed | 1 | |
| Potion of Healing | 2 | |
| Tiny Great Hall | 1 | |
14 total
STEAMBOTCHRONCL (
blue | 69 APM | 3027 actions | 43:50)
8 Archmage
3 Summon Water Elemental
3 Brilliance Aura
1 Blizzard
1 Mass Teleport
2 Mountain King
1 Storm Bolt
1 Bash
» actions
| Assign group hotkey | 135 | |
| Basic commands | 13 | |
| Build / train | 98 | |
| Enter build submenu | 24 | |
| Enter hero's abilities submenu | 10 | |
| Give item / drop item | 2 | |
| Right click | 1402 | |
| Select / deselect | 394 | |
| Select group hotkey | 807 | |
| Use ability | 142 | |
3027 total
» units
| Peasant | 14 | |
| Footman | 4 | |
| Siege Engine | 12 | |
| Sorceress | 1 | |
| Flying Machine | 7 | |
38 total
» upgrades
| Masonry | 3 | |
| Lumber Harvesting | 2 | |
| Gunpowder | 3 | |
| Barrage | 1 | |
| Plating | 2 | |
| Sorceress Training | 2 | |
| Flak Cannons | 1 | |
| Flying Machine Bombs | 1 | |
15 total
» buildings
| Altar of Kings | 1 | |
| Barracks | 1 | |
| Farm | 14 | |
| Scout Tower | 12 | |
| Lumber Mill | 1 | |
| Arcane Tower | 1 | |
| Town Hall | 2 | |
| Arcane Vault | 1 | |
| Guard Tower | 5 | |
| Keep | 1 | |
| Castle | 1 | |
| Blacksmith | 1 | |
| Workshop | 3 | |
| Arcane Sanctum | 1 | |
45 total
» build order
00:12 Altar of Kings
00:21 Barracks
00:36 Farm
00:55 Farm
01:37 Farm
02:13 Scout Tower
02:39 Lumber Mill
02:53 Arcane Tower
04:03 Farm
04:12 Town Hall
04:14 Scout Tower
04:15 Scout Tower
04:15 Scout Tower
04:24 Arcane Vault
04:58 Guard Tower
05:40 Keep
05:48 Scout Tower
05:48 Scout Tower
05:49 Scout Tower
05:49 Scout Tower
05:50 Scout Tower
05:51 Scout Tower
05:55 Scout Tower
05:55 Scout Tower
06:50 Guard Tower
07:18 Guard Tower
07:18 Guard Tower
08:04 Castle
08:08 Guard Tower
08:11 Blacksmith
08:36 Farm
09:33 Workshop
09:36 Workshop
10:01 Workshop
11:07 Farm
11:09 Farm
11:09 Farm
11:10 Farm
11:11 Farm
21:21 Arcane Sanctum
29:31 Town Hall
29:54 Farm
29:54 Farm
29:55 Farm
» items
| Scroll of Regeneration | 4 | |
| Staff of Teleportation | 1 | |
| Lesser Clarity Potion | 3 | |
| Tome of Retraining | 1 | |
| Potion of Invisibility | 2 | |
| Potion of Lesser Invulnerability | 1 | |
| Scroll of Town Portal | 4 | |
| Staff of Sanctuary | 1 | |
17 total
Chat log
(00:18 / Allies) pacifico: thx
(00:21 / Allies) pLaInRuStY: hi all
(00:24 / Allies) Montresor: oops
(00:30 / Allies) PapTrimp: Hail comrades
(01:43 / All) Montresor: Nemo me impune lacessit
(02:50 / Allies) Montresor: Where's Jacob
(02:54 / All) PapTrimp: Oops I made my shop too early
(04:16 / All) PapTrimp: Kobold stun is gay, nothing you can do about it if they get a low hp unit
(06:15 / All) Montresor: mhing purple
(06:21 / All) 0bama2016: ikr
(06:22 / All) PapTrimp: Not a very good one
(06:25 / All) PapTrimp: if so
(07:14 / All) PapTrimp: wtf level 7 creep coming to try to attack me
(07:32 / All) STEAMBOTCHRONCL: atta boy never give up
(08:08 / Allies) PapTrimp: Let me know if you get any blink daggers for my bm
(08:23 / Allies) Montresor: fight at the fountain...
(08:36 / Allies) pLaInRuStY: wood plz?
(09:22 / All) Montresor: did purple ping
(09:29 / All) STEAMBOTCHRONCL: no
(09:39 / All) 0bama2016: ffs
(09:42 / All) PapTrimp: If he's a maphacker he just lost 10 acolytes to one hero
(09:46 / All) PapTrimp: so I doubt it
(10:28 / All) Montresor: teal and purple my new favorite people
(10:35 / All) STEAMBOTCHRONCL: how so
(10:50 / All) Montresor: I'm going to fuck them up
(11:33 / Allies) pacifico: dk
(12:06 / Allies) PapTrimp: wood
(12:18 / Allies) PapTrimp: wood
(12:50 / Allies) PapTrimp: maybe if you faggots gave me wood I could have taken that
(12:57 / Allies) pLaInRuStY: b
(12:58 / Allies) pLaInRuStY: red
(13:03 / Allies) pLaInRuStY: b
(13:03 / Allies) pLaInRuStY: b
(13:05 / Allies) Montresor: dk
(14:57 / Allies) Montresor: another double dagger
(15:01 / All) PapTrimp: fuck
(15:03 / Allies) PapTrimp: Give me one
(15:12 / Allies) Montresor: tp staff on me in the mid
(15:25 / Allies) pacifico: ,
(15:49 / Allies) Montresor: come to me
(15:59 / Allies) PapTrimp: ty
(17:02 / All) Montresor: for some reason I'm lagging like fucking crazy playing war3
(17:32 / All) PapTrimp: No more gold mining for Obama, your dollar doesn't need it anyway
(17:36 / All) PapTrimp: take loans from your allies
(17:49 / All) 0bama2016: golly, fuck wc3 today
(17:52 / All) 0bama2016: srsly
(17:58 / All) PapTrimp: lawl
(18:19 / All) PapTrimp: A couple days ago someone I did that to said CHITER and got really mad
(18:22 / All) PapTrimp: I killed 2 undead with just my bm
(18:37 / All) 0bama2016: soooo interesting man
(18:46 / All) PapTrimp: It is an interesting fun strat
(18:53 / All) 0bama2016: dude
(18:55 / All) PapTrimp: Works well on noobs like you too
(19:02 / All) PapTrimp: This is 1 hero.
(19:07 / All) PapTrimp: You are dying to it.
(19:16 / All) 0bama2016: yeah, so?
(19:19 / All) PapTrimp: lol
(19:29 / All) 0bama2016: you must be so proud
(19:29 / All) PapTrimp: Is that normal for you?
(19:38 / All) PapTrimp: Is your "so" driven by past experiences?
(19:46 / All) 0bama2016: yeah
(19:55 / All) PapTrimp: lol
(20:01 / Allies) Montresor: lumber
(22:02 / Allies) PapTrimp: wood
(22:05 / Allies) pacifico: so what are you guys gonna dow tih all the gold.?...
(22:12 / Allies) PapTrimp: towering up but I need wood
(22:20 / Allies) pacifico: 12k each,..
(22:40 / Allies) pacifico: we need units so we dont get raped like that
(22:41 / Allies) pacifico: :/
(22:48 / Allies) PapTrimp: maybe I'd get those too if I had wood
(23:19 / All) Montresor: You're luckly that hero didn't die orange I'd make 100 food army to personally rape your ass
(23:22 / Allies) PapTrimp: Bob you got 700 wood, share some of the wealth
(23:29 / Allies) pacifico: at least buy some items for your bm green
(23:38 / Allies) PapTrimp: Good work
(23:47 / All) PapTrimp: fucking stuck hero
(23:50 / Allies) pLaInRuStY: gold plz
(24:01 / All) PapTrimp: This bug is so fucking stupid
(24:08 / Allies) pacifico: is thios a hack?
(24:15 / All) PapTrimp: so fucking gay
(24:25 / Allies) pacifico: what was that
(24:26 / Allies) pacifico: couldnt move ehro
(24:32 / Allies) PapTrimp: It happens sometimes after people leave
(25:02 / 9) Montresor: This isn't the game to get him
(25:10 / 7) PapTrimp: Yeah
(25:13 / 7) PapTrimp: Better luck next time
(25:16 / 7) PapTrimp: he has too many tanks too
(25:21 / 9) Montresor: yeah
(26:00 / Allies) pacifico: so what 100 foods are you gonna make
(26:10 / Allies) pacifico: need brakers from pink
(26:38 / All) PapTrimp: fucking lucky faggot, you'd be dead if not for that bug
(28:25 / Allies) pLaInRuStY: gold plzz
(28:55 / All) Montresor: WTF
(28:55 / All) Montresor: wTF
(28:56 / All) Montresor: WTf
(28:57 / All) PapTrimp: tking red
(29:00 / All) STEAMBOTCHRONCL: lol
(29:02 / All) Montresor: I used the fucking dagger twice
(29:05 / All) STEAMBOTCHRONCL: red is a nigger
(29:08 / Allies) pacifico: ? pink
(29:10 / Allies) pacifico: why
(29:13 / Allies) PapTrimp: you tried to tk me
(29:15 / Allies) pacifico: ...
(29:17 / All) Montresor: Why the fuck didn't the dagger work?
(29:17 / Allies) pacifico: was trapped
(29:20 / All) Montresor: Unresponsive hero?
(29:24 / Allies) PapTrimp: yeah and you had a tp
(29:29 / Allies) PapTrimp: fucking tk could have tped and save me the farm
(29:30 / Allies) pacifico: ...
(29:32 / Allies) pacifico: wtf dude
(29:35 / Allies) pacifico: tp is 350
(29:36 / Allies) pacifico: farm is 70
(29:41 / Allies) pacifico: are u retarded
(29:49 / Allies) PapTrimp: I don't have much gold to spare
(29:55 / Allies) pacifico: is that joke
(29:58 / Allies) pacifico: i geuss so
(30:05 / Allies) PapTrimp: I'm of israeli descent you racist prick
(30:14 / Allies) pacifico: so are u guys just fucking around or trying to win?
(30:24 / Allies) PapTrimp: I always am a winner
(30:36 / Allies) pacifico: imma leave and play a diff game
(30:38 / Allies) pacifico: gg
(30:40 / Allies) pLaInRuStY: b
(30:46 / Allies) PapTrimp: Good the tker is gone
(31:07 / All) Montresor: Want me to make 100 food army teal?
(31:15 / All) STEAMBOTCHRONCL: i think he does lol
(31:16 / All) Montresor: Plop another ward down and I get 100 food army to personally rape you
(32:04 / All) STEAMBOTCHRONCL: that bm is unkillable
(32:48 / All) Montresor: Oh
(32:48 / All) Montresor: ORANGE
(32:52 / All) Montresor: You want the perosnal rape is it?
(33:52 / All) Montresor: Enjoy it orange
(33:54 / All) Montresor: Your'e fucking dead
(34:33 / All) Montresor: ready to die orange|?
(34:42 / All) RambuRu: come
(36:06 / All) STEAMBOTCHRONCL: this is a strnage game
(36:22 / All) Montresor: fucking lag
(36:57 / All) STEAMBOTCHRONCL: fuck u oj!
(37:11 / All) PapTrimp: aww shit
(37:59 / All) Montresor: leave yellow
(38:00 / All) Montresor: you lsoe
(39:10 / All) PapTrimp: Next staff CD you're dead
(39:21 / All) PapTrimp: I have 3
(39:30 / All) Montresor: leave bitch
(39:41 / All) STEAMBOTCHRONCL: is he even talkin
(39:47 / All) PapTrimp: Nope
(39:52 / All) PapTrimp: MY QUARRY NEARS!
(40:34 / All) PapTrimp: nice try
(40:42 / All) PapTrimp: wtf is that ping buddy?
(40:47 / All) STEAMBOTCHRONCL: i always like it when
(41:10 / All) STEAMBOTCHRONCL: they say they are gonna stay to waste our time, like we don't always expect it goes like that everytime
(41:10 / All) Montresor: leave you dumb nigger
(41:18 / All) PapTrimp: the beastmaster or bloodmage got it lawl
(42:20 / All) Montresor: Just get the fuck out and get on your way you dumb bitch
(43:44 / All) Montresor: your team lose
(43:48 / All) STEAMBOTCHRONCL: okie dokie